Construct Infanterie Kompanie
Selects Terror Battlegroup
Selects Machine Gun Camouflage
Construct Panzergrenadier Kompanie
Nebelwerfer 42 Rocket Launcher Team
Selects Defend the Fatherland
Construct Panzer Kompanie
Pak 40 Anti-tank Gun Team
Nebelwerfer 42 Rocket Launcher Team
Selects King Tiger Heavy Tank
Selects Contempt for the Weak
Selects Propaganda Leaflet Drop
Construct Luftwaffe Kompanie
Marder III M Tank Destroyer
Marder III M Tank Destroyer
Luftwaffe Officer Quarters
Marder III M Tank Destroyer
Pak 40 Anti-tank Gun Team